 Dungeon Crawl Stone Soup version 0.20.1-1-g8b1a95d (webtiles) character file.

2748 equalderp2856 the Cleaver (level 9, -7/78 HPs)
             Began as a Minotaur Fighter on Aug 17, 2017.
             Mangled by a crocodile (14 damage)
             ... on level 8 of the Dungeon.
             The game lasted 00:10:26 (6625 turns).

equalderp2856 the Cleaver (Minotaur Fighter)        Turns: 6625, Time: 00:10:27

Health: -7/78      AC: 10    Str: 22    XL:     9   Next: 41%
Magic:  8/8        EV:  8    Int:  5    God:
Gold:   343        SH: 11    Dex: 12    Spells: 8/8 levels left

rFire    . . .     SeeInvis .   a - +0 war axe
rCold    . . .     Gourm    .   c - +0 shield
rNeg     . . .     Faith    .   y - +0 chain mail
rPois    .         Spirit   .   (helmet restricted)
rElec    .         Reflect  .   (no cloak)
rCorr    .         Harm     .   (no gloves)
MR       .....                  (no boots)
Stlth    ..........             (no amulet)
Regen    0.3/turn               (no ring)
MPRegen  0.2/turn               (no ring)

@: no status effects
A: retaliatory headbutt, horns 2
a: no special abilities


You were on level 8 of the Dungeon.
You were hungry.

You visited 1 branch of the dungeon, and saw 8 of its levels.

You collected 343 gold pieces.

Inventory:

Hand Weapons
 a - a +0 war axe (weapon)
 i - a +4 scythe of venom
 I - a +0 trident of protection
Missiles
 k - 158 arrows
 l - 220 stones (quivered)
 w - 48 poisoned needles
 x - 7 silver tomahawks
Armour
 b - a +0 scale mail
 c - a +0 shield (worn)
 y - a +0 chain mail (worn)
Jewellery
 j - an uncursed ring of flight {unknown}
 G - a +5 ring of dexterity {unknown}
Wands
 D - a wand of random effects (12/48)
Scrolls
 e - 2 scrolls of magic mapping {unknown}
 g - 8 scrolls of teleportation {unknown}
 h - 8 scrolls of identify {unknown}
 n - 5 scrolls of remove curse {unknown}
 r - 4 scrolls of recharging {unknown}
 t - 3 scrolls of amnesia {unknown}
 B - 2 scrolls of immolation {unknown}
 C - a scroll of enchant weapon {unknown}
 H - a scroll of random uselessness {unknown}
Potions
 d - a potion of might
 o - 2 potions of flight {unknown}
 p - a potion of ambrosia {unknown}
 q - a potion of haste {unknown}
 s - 2 potions of curing
 v - a potion of experience {unknown}
 z - a potion of magic {unknown}
 E - 2 potions of lignification
 F - a potion of resistance {unknown}
 J - a potion of heal wounds {unknown}
Comestibles
 f - 5 bread rations
 m - 5 meat rations
 u - 2 fruits
 A - 2 royal jellies


   Skills:
 + Level 6.8 Fighting
 + Level 10.3 Axes
 + Level 7.7 Armour
 + Level 2.7 Dodging
 + Level 1.1 Stealth
 + Level 7.4 Shields


You had 8 spell levels left.
You didn't know any spells.

Dungeon Overview and Level Annotations

Branches:
Dungeon (8/15)             Temple (0/1) D:7
   Lair: D:8-11

Altars:
Kikubaaqudgha

Annotations:
D:3 1 runed door
D:8 1 runed door


Innate Abilities, Weirdness & Mutations

You reflexively headbutt those who attack you in melee.
You have a pair of horns on your head.


Message History

Okay, then.
You closely miss the crocodile. You headbutt the crocodile.
The crocodile is severely wounded.
You block the crocodile's attack.
The crimson imp blinks!
You closely miss the crocodile.
The crocodile is severely wounded.
The crocodile bites you!
* * * LOW HITPOINT WARNING * * *
The crocodile bites you but does no damage.
You hit the crocodile.
The crocodile is severely wounded.
You feel yourself speed up.
The bullfrog releases a deep croak.
The crocodile barely misses you.
You feel better. The crocodile bites you!
* * * LOW HITPOINT WARNING * * *
The bullfrog releases a deep croak.
The crocodile barely misses you. The crocodile bites you!
You die...

#..#F. #.#.####.####
#..#?## #............
#.)8)8# #......#.####
#..((F# ##.######+#
#....K######..#
.##....K..^....#
#........H......#
##########t#.###.....
#.†.# #@#.# .....
#.#<# #.#.# ......
#.#####.#.# ...[..
#.........# ......
#######.### .... #.#
#.# #.# #.#


You could see a hippogriff, a crocodile, a bullfrog and 2 kobolds.

Vanquished Creatures
  A centaur warrior (D:8)
  Sigmund (D:2)
  The ghost of Erac the Firebug, an amateur OgFE (D:3)
  2 water moccasins
  2 sky beasts
  A black bear (D:5)
  2 phantoms
  An ogre (D:7)
  A centaur (D:6)
  A big kobold (D:8)
  2 crimson imps
  2 hounds
  2 bullfrog skeletons (D:6)
  3 iguanas
  7 worker ants
  Natasha (thrice) (D:4)
  2 orc wizards (D:3)
  A hound skeleton (D:6)
  6 gnolls
  A howler monkey skeleton (D:5)
  10 adders
  3 shadow imps
  2 oozes
  3 worms
  5 leopard geckos
  14 orcs
  5 bats
  4 giant cockroaches
  8 goblins
  3 hobgoblins
  14 jackals
  11 kobolds
  3 quokkas
  2 ball pythons
  7 frilled lizards
  A quokka zombie (D:5)
  6 rats
143 creatures vanquished.

Vanquished Creatures (others)
  A human (D:6)
1 creature vanquished.

Grand Total: 144 creatures vanquished

Notes
Turn   | Place    | Note
-------+----------+-------------------------------------------
     0 | D:1      | equalderp2856 the Minotaur Fighter began the quest for the Orb.
     0 | D:1      | Reached XP level 1. HP: 19/19 MP: 0/0
    73 | D:1      | Reached XP level 2. HP: 23/27 MP: 1/1
   698 | D:2      | Reached XP level 3. HP: 32/33 MP: 2/2
   722 | D:2      | Reached skill level 3 in Axes
  1171 | D:2      | Noticed Sigmund
  1181 | D:2      | Killed Sigmund
  1181 | D:2      | Reached skill level 5 in Axes
  1181 | D:2      | Reached XP level 4. HP: 25/41 MP: 3/3
  1181 | D:2      | Reached XP level 5. HP: 29/47 MP: 4/4
  1826 | D:3      | Reached skill level 1 in Dodging
  1846 | D:3      | Noticed Erac's ghost (amateur OgFE)
  1854 | D:3      | Killed Erac's ghost
  1854 | D:3      | Reached skill level 5 in Armour
  1854 | D:3      | Reached XP level 6. HP: 32/55 MP: 5/5
  2747 | D:3      | Found a runed door.
  2788 | D:3      | Reached skill level 6 in Axes
  2952 | D:3      | Noticed an orc warrior
  3335 | D:3      | Noticed a sky beast
  3354 | D:3      | Killed a sky beast
  3354 | D:3      | Reached skill level 5 in Fighting
  3354 | D:3      | Reached XP level 7. HP: 40/61 MP: 6/6
  3549 | D:4      | Noticed Natasha
  3560 | D:4      | Killed Natasha
  3617 | D:4      | Noticed Natasha
  3625 | D:4      | Killed Natasha
  3639 | D:4      | Reached skill level 7 in Axes
  3743 | D:4      | Reached skill level 5 in Shields
  3836 | D:4      | Noticed Natasha
  3841 | D:4      | Killed Natasha
  3948 | D:5      | Entered Level 5 of the Dungeon
  4166 | D:5      | Reached skill level 1 in Stealth
  4177 | D:5      | Reached XP level 8. HP: 56/69 MP: 5/7
  4558 | D:6      | Reached skill level 8 in Axes
  4605 | D:6      | Found an ancient bone altar of Kikubaaqudgha.
  5246 | D:7      | Reached skill level 9 in Axes
  5357 | D:7      | Found a staircase to the Ecumenical Temple.
  5809 | D:8      | Noticed a two-headed ogre
  5869 | D:8      | HP: 3/70 [two-headed ogre/giant spiked club (19)]
  5905 | D:7      | HP: 3/70 [two-headed ogre/giant spiked club (8)]
  6579 | D:8      | Reached XP level 9. HP: 67/75 MP: 8/8
  6597 | D:8      | Noticed a centaur warrior
  6609 | D:8      | Found a large runed door.
  6613 | D:8      | Killed a centaur warrior
  6613 | D:8      | Reached skill level 10 in Axes
  6625 | D:8      | Mangled by a crocodile

Skill      XL: |  1  2  3  4  5  6  7  8  9 |
---------------+----------------------------+-----
Armour         | 4 5 6 7 |  7.7
Fighting       | 4 5 6 |  6.8
Axes           | 5 6 7 9 10 | 10.3
Shields        | 4 5 6 7 |  7.4
Dodging        | 1 2 |  2.7
Stealth        | 1 |  1.1

Action                   |  1- 3 |  4- 6 |  7- 9 || total
-------------------------+-------+-------+-------++-------
Melee: War axe           |    87 |   103 |   282 ||   472
       Headbutt          |     4 |    12 |    56 ||    72
  Use: Potion            |     2 |       |     2 ||     4
  Eat: Bread ration      |       |     1 |       ||     1
       Chunk             |       |     3 |    10 ||    13
       Fruit             |       |       |     1 ||     1
Armor: Scale mail        |    36 |    33 |       ||    69
       Skin              |     1 |       |       ||     1
       Chain mail        |       |     8 |   120 ||   128
Dodge: Dodged            |    32 |    23 |    74 ||   129
Block: Shield            |    50 |    37 |   169 ||   256
